Frizzbo, chaotic female human Rogue ------------ ..... . .. .... .-.-- --G.--....| --...G....G| |...@h%.).- --..--..<.| ------..-- -----.-| -- --..|...--- --. --.........-- --.........)....*--- -............^......- ... ---...............- |................| ---........*....-- --.|.---.......| ----- ..--..-- --- --- Frizzbo the Cutpurse Experience level: 5 Strength: 11 Dexterity: 18 Constitution: 17 Intelligence: 8 Wisdom: 13 Charisma: 7 Health: 0(47) Energy: 22(22) Def: 6 Gold: 199 Moves: 1647 Dungeon seed: xmD-Ei7C4Q5MomvO Game ID: Frizzbo_1467255443 Your Inventory: Coins $ - 199 gold pieces Weapons a - an uncursed corroded +0 short sword (weapon in hand) E - a blessed +0 dagger Armor q - an uncursed +0 banded mail (being worn) N - an uncursed +0 dwarvish cloak (being worn) Comestibles t - an uncursed food ration z - 2 uncursed eggs H - an uncursed lichen corpse Scrolls k - a blessed scroll of teleportation p - an uncursed scroll of scare monster Spellbooks A - an uncursed spellbook of teleport away Potions c - 2 uncursed potions of sickness s - an uncursed potion of invisibility F - an uncursed potion of hallucination Wands h - an uncursed wand of opening (0:3) j - an uncursed wand of secret door detection (0:13) J - an uncursed wand of enlightenment (0:13) Tools d - an uncursed lock pick f - an uncursed sack g - an uncursed blindfold o - an uncursed stethoscope r - 6 uncursed tallow candles (0:200) Gems e - an uncursed worthless piece of yellow glass n - an uncursed worthless piece of green glass y - an uncursed worthless piece of yellowish brown glass Spells and supernatural/magical abilities: Name Level Category Fail Memory W - pray for help -- divine ? -- Your skills at the end: Miscellaneous Skills wands [Basic] Weapon Skills dagger [Skilled] short sword [Basic] Spellcasting Skills Final Attributes: You were piously aligned. You were stealthy. You are dead. Vanquished creatures: 2 gnome lords a red naga hatchling 3 dwarves 2 iguanas a rothe 3 coyotes a gas spore a hobbit an acid blob a large kobold 4 geckos 2 giant rats 11 gnomes 2 foxes a kobold 6 newts a goblin 4 grid bugs 6 lichens 2 kobold zombies 55 creatures vanquished. Voluntary challenges: You did not adorn yourself with jewelry or accessories. You used a wielded weapon 12 times, starting on turn 733. You did not use containers. You did not apply a unicorn horn. You read items or engraved 4 times, starting on turn 127. You never genocided any monsters. You never polymorphed an object. You never changed form. You used no wishes. You never split a pudding. You never wrote Elbereth's name. You never violated your personal moral code. Dungeon overview: The Dungeons of Doom: levels 1 to 3 Level 1 some fountains a long staircase Level 2 a general store, a fountain Level 3 stairs to The Gnomish Mines The Gnomish Mines: levels 4 to 5 Level 4 stairs to The Dungeons of Doom Level 5 <- You were here History has recorded: On T:1 you entered the Dungeons of Doom to retrieve the Amulet of Yendor! On T:355 you reached level 2 of The Dungeons of Doom. On T:499 you advanced to experience level 2. On T:790 you reached level 3 of The Dungeons of Doom. On T:791 you advanced to experience level 3. On T:1363 you reached level 1 of The Gnomish Mines. On T:1396 you advanced to experience level 4. On T:1485 you advanced to experience level 5. On T:1621 you reached level 2 of The Gnomish Mines. Score breakdown: Gold: 199 ( 19 points) Experience: 5 levels ( 400 points) Exploration: 5 levels ( 120 points) Discoveries: 2 items ( 100 points) Variety of kills: 20 monsters ( 1000 points) Major goal: (nothing yet) ( 0 points) Survival: died (score multiplied by 3) Total score: 4917 Latest messages: You kill the gnome! The gnome picks up 2 uncursed +0 daggers. The dagger hits the dwarf. The dagger hits the dwarf. The dwarf swings his broad pick. The dwarf hits you! You fill your quiver: l - a dagger (in quiver). You kill the gnome! The gnome picks up a hooded cloak. The gnome puts on a hooded cloak. You fill your quiver: v - a dagger (in quiver). The dagger hits the dwarf. The air crackles around the gnomish wizard. The dwarf swings his broad pick. The dwarf hits you! Your feet are frozen to the floor! The dwarf swings his broad pick. The dwarf hits you! You die... Final status: Goodbye Frizzbo the Rogue, killed by a dwarf, while frozen by a potion... You died in The Gnomish Mines on dungeon level 5 with 4917 points, and 199 pieces of gold, after 1647 moves. You were level 5 with a maximum of 47 hit points when you died.